 Dungeon Crawl Stone Soup version 0.26-a0-597-gb535b0901c (webtiles) character file.

Game seed: 8908425322512083020

174 ANON1729 the Magician (level 5, 0/38 HPs)
             Began as a Demonspawn Wanderer on Aug 25, 2020.
             Was a Follower of Okawaru.
             Succumbed to an adder's poison
             ... on level 5 of the Dungeon.
             The game lasted 00:05:59 (4353 turns).

ANON1729 the Magician (Demonspawn Wanderer)         Turns: 4353, Time: 00:05:59

Health: 0/38       AC:  2    Str: 10    XL:     5   Next: 28%
Magic:  1/9        EV: 12    Int: 20    God:    Okawaru [*.....]
Gold:   158        SH:  0    Dex:  9    Spells: 8/9 levels left

rFire    . . .     SeeInvis .   a - +2 spear
rCold    . . .     Faith    .   (no shield)
rNeg     . . .     Spirit   +   d - +0 robe
rPois    .         Reflect  .   (helmet restricted)
rElec    .         Harm     .   (no cloak)
rCorr    .                      (no gloves)
MR       .....                  (no boots)
Stlth    ++........             (no amulet)
HPRegen  0.12/turn              (no ring)
MPRegen  0.11/turn              (no ring)

@: lethally poisoned (0 -> -5), hasted, very quick
A: horns 1, talons 1, magic shield
a: Heroism, Renounce Religion


You were on level 5 of the Dungeon.
You worshipped Okawaru.
Okawaru was aware of your devotion.
You visited 1 branch of the dungeon, and saw 5 of its levels.

You collected 158 gold pieces.

Inventory:

Hand Weapons
 a - a +2 spear (weapon)
 e - a +0 dagger
 i - a +1 whip of flaming
Armour
 d - a +0 robe (worn)
Jewellery
 c - an uncursed ring of wizardry {unknown}
 f - a +4 ring of evasion {unknown}
 o - an uncursed ring of fire {unknown}
Scrolls
 b - 6 scrolls of remove curse
 g - 3 scrolls of noise
 j - a scroll of random uselessness {unknown}
 k - 5 scrolls of identify {unknown}
 l - 2 scrolls of enchant armour {unknown}
 n - a scroll of amnesia {unknown}


   Skills:
 + Level 1.9 Fighting
 - Level 1.0 Polearms
 + Level 1.9 Dodging
 + Level 2.6 Stealth
   Level 1.0 Shields
 * Level 2.7 Spellcasting
   Level 1.1 Necromancy
 + Level 1.3 Transmutations
 + Level 2.0 Poison Magic
   Level 1.0 Evocations


You had 8 spell levels left.
You knew the following spells:

 Your Spells              Type           Power        Failure   Level
a - Sting                 Tmut/Pois      #...         8%          1

Your spell library contained the following spells:

 Spells                   Type           Power        Failure   Level
 Mephitic Cloud           Conj/Pois/Air  #.......     32%         3


Dungeon Overview and Level Annotations

Branches:
Dungeon (5/15)
 Temple: D:4-7

Altars:
Okawaru


Innate Abilities, Weirdness & Mutations

You have a pair of small horns on your head.
You have sharp toenails.
When hurt, damage is shared between your health and your magic reserves.


Message History

You hit the adder. Your kick misses the adder.
The adder is moderately wounded.
The adder bites you.
* * * LOW HITPOINT WARNING * * *
You are more poisoned.
The adder poisons you!
You feel yourself speed up.
* * * LOW HITPOINT WARNING * * *
You feel sick. The adder bites you but does no damage.
You miss the adder.
The adder is moderately wounded.
The adder barely misses you.
You aren't carrying any potions.
As you read the scroll labeled QOZXOB GOOWKI, it crumbles to dust.
You feel blessed for a moment.
It was a scroll of remove curse.
The adder barely misses you.
As you read the scroll labeled DODACH SAUPESE, it crumbles to dust.
You hear a loud clanging noise!
It was a scroll of noise.
You die...

#########
#.......#
#.......#
#.......#
#@...[...
#S.......
#...[....
.........
..........
###.......?
#........
########.


You could see an adder.

Vanquished Creatures
  Robin (D:4)
  6 adders
  An ooze (D:1)
  3 worms (D:3)
  2 dart slugs (D:2)
  3 leopard geckos (D:3)
  3 orcs
  4 ball pythons
  4 bats
  4 giant cockroaches
  12 goblins
  15 hobgoblins
  2 jackals (D:2)
  10 kobolds
  9 frilled lizards
  4 rats
83 creatures vanquished.

Vanquished Creatures (others)
  A plant (D:1)
1 creature vanquished.

Grand Total: 84 creatures vanquished

Notes
Turn   | Place    | Note
-------+----------+-------------------------------------------
     0 | D:1      | ANON1729 the Demonspawn Wanderer began the quest for the
                  | Orb.
     0 | D:1      | ANON1729 set off with the following items: a +2 spear, a
                  | potion of curing, a +0 robe, a +0 dagger; and the following
                  | spell memorised: Sting; and the following spells available
                  | to memorise: Mephitic Cloud
     0 | D:1      | Reached XP level 1. HP: 15/15 MP: 2/2
   517 | D:1      | Gained mutation: You have sharp toenails. [demonic
                  | ancestry]
   517 | D:1      | Reached XP level 2. HP: 8/21 MP: 0/3
  1269 | D:2      | Gained mutation: When hurt, damage is shared between your
                  | health and your magic reserves. [demonic ancestry]
  1269 | D:2      | Reached XP level 3. HP: 12/26 MP: 0/5
  1956 | D:2      | Reached skill level 1 in Transmutations
  1956 | D:2      | Reached XP level 4. HP: 19/32 MP: 5/7
  2304 | D:2      | Found a faded altar of an unknown god.
  2821 | D:2      | Became a worshipper of Warmaster Okawaru
  2821 | D:2      | Reached * piety under Okawaru
  2879 | D:3      | Found a glowing drain.
  3619 | D:4      | Gained mutation: You have a pair of small horns on your
                  | head. [demonic ancestry]
  3619 | D:4      | Reached XP level 5. HP: 18/38 MP: 1/8
  3821 | D:4      | Noticed Robin
  4144 | D:4      | Killed Robin
  4319 | D:4      | Noticed a centaur
  4341 | D:5      | Entered Level 5 of the Dungeon
  4350 | D:5      | HP: 1/38 [poisoned by an adder]
  4353 | D:5      | Succumbed to an adder's poison

Illustrated notes

Levels and vault maps discovered:
D:1:      heliophobic_arrival_battle_scene, layout_basic, serial_forest,
          infiniplex_forest_clump_tiny, infiniplex_forest_clump_diagonal,
          infiniplex_forest_straight_4, infiniplex_forest_corner_1,
          infiniplex_forest_lined_room_
D:2:      layout_loops_cross, chequers_ecumenical_altar_simple
D:3:      layout_loops_ring, cheibrodos_sewer_entry_drain, grunt_ministairs_11
D:4:      layout_cave_pools, gammafunk_ghost_arena, uniq_robin
D:5:      layout_rooms, minmay_temple_entry_proselytizer

Skill      XL: |  1  2  3  4 |
---------------+-------------+-----
Stealth        | 2 |  2.6
Spellcasting   | 2 |  2.7
Transmutations | 1 |  1.3
Poison Magic   | 2 |  2.0
Fighting       | |  1.9
Polearms       | |  1.0
Dodging        | |  1.9
Shields        | |  1.0
Necromancy     | |  1.1
Evocations     | |  1.0

Action                   |  1- 3 |  4- 6 || total
-------------------------+-------+-------++-------
Melee: Spear             |   120 |   154 ||   274
       Kick              |     6 |    15 ||    21
       Headbutt          |       |     2 ||     2
 Cast: Sting             |     9 |    15 ||    24
  Use: Potion            |     1 |     2 ||     3
       Scroll            |       |     2 ||     2
 Stab: Sleeping          |     6 |     7 ||    13
       Distracted        |     1 |       ||     1
Armor: Robe              |    21 |    19 ||    40
Dodge: Dodged            |    68 |    90 ||   158

Table legend: (Time is in decaauts)
 A = Elapsed time spent in this place.
 B = Non-inter-level travel time spent in this place.
 C = Inter-level travel time spent in this place.
 D = Time resting spent in this place.
 E = Time spent auto-exploring this place.
 F = Levels seen in this place.
 G = Mean time per level.
                   A        B        C        D        E       F      G
               +--------+--------+--------+--------+--------+-----+--------+
         Total |   4373 |   4280 |     93 |   2063 |   1598 |   5 |  874.6 |
       Dungeon |   4373 |   4280 |     93 |   2063 |   1598 |   5 |  874.6 |
               +--------+--------+--------+--------+--------+-----+--------+

Top non-repeatable levels by time:
     D:2: 1605 daAuts
     D:1: 1251 daAuts
     D:3: 1048 daAuts
     D:4: 457 daAuts
     D:5: 11 daAuts
